 Dungeon Crawl Stone Soup version 0.14-a0-2542-g51e44bb (webtiles) character file.

185 Kae the Firebug (level 5, -1/42 HPs)
             Began as a Tengu Fire Elementalist on Feb 10, 2014.
             Slain by Edmund
             ... wielding a +1,+1 flail of pain
              (6 damage)
             ... on Level 4 of the Dungeon.
             The game lasted 00:05:48 (3421 turns).

Kae the Firebug (Tengu Fire Elementalist)           Turns: 3421, Time: 00:05:48

HP  -1/42        AC 27     Str  9      XL: 5   Next: 14%
MP   1/11        EV  1     Int 20      God:
Gold 55          SH  0     Dex 14      Spells:  3 memorised,  3 levels left

rFire  . . .     SeeInvis .     j - +1,+0 elf dagger
rCold  . . .     Clarity  .     w - melded +1 orc robe {rC+}
rNeg   + + +     Conserve .     (no shield)
rPois  +         rCorr    .     (helmet restricted)
rElec  .         rRot     .     (cloak currently unavailable)
SustAb . .       Spirit   .     (gloves currently unavailable)
rMut   .         Warding  .     (boots unavailable)
Saprov . . .     NoTele   +     (no amulet)
MR     .....                    t - +4 ring of intelligence
                                d - +5 ring of protection

@: tree-form, very slightly contaminated, not resistant to hostile enchantments,
stealthy
A: able to fly, (beak), (talons 0)
a: Fly


You were on level 4 of the Dungeon.
You were not hungry.
You were an animated tree.
You visited 1 branch of the dungeon, and saw 4 of its levels.

You collected 55 gold pieces.

Inventory:

Hand weapons
 j - a +1,+0 elven dagger (weapon)
 C - a +0,-1 elven short sword
Missiles
 A - 2 tomahawks (quivered)
Armour
 w - a +1 orcish robe of cold resistance (melded)
Comestibles
 c - 3 bread rations
 f - a meat ration
 k - 2 rambutans
 n - an orange
Scrolls
 l - a scroll of blinking
 m - 2 scrolls of identify
Jewellery
 d - a +5 ring of protection (left branch)
 t - a +4 ring of intelligence (right branch)
Potions
 a - a potion of might {unknown}
 e - 2 potions of lignification
 g - 3 potions of flight {unknown}
 h - a potion of curing {unknown}
 r - 2 potions of heal wounds {unknown}
 u - a potion of poison {unknown}
 x - a potion of berserk rage {unknown}
 z - a potion of restore abilities {unknown}
Books
 b - a book of Flames

   Spells                             Type                      Level
   *Flame Tongue                      Conjuration/Fire             1
   *Throw Flame                       Conjuration/Fire             2
   *Conjure Flame                     Conjuration/Fire             3
   Inner Flame                        Hexes/Fire                   3
   Sticky Flame                       Conjuration/Fire             4
   Fireball                           Conjuration/Fire             5


   Skills:
 - Level 2.1 Dodging
 - Level 2.0 Stealth
 + Level 2.5 Spellcasting
 * Level 3.9 Conjurations
 * Level 4.9 Fire Magic


You had 3 spell levels left.
You knew the following spells:

 Your Spells              Type           Power        Failure   Level  Hunger
a - Flame Tongue          Conj/Fire      ###..        2%          1    N/A
b - Throw Flame           Conj/Fire      ###...       3%          2    N/A
c - Conjure Flame         Conj/Fire      ###.....     10%         3    N/A

Dungeon Overview and Level Annotations

Branches:
Dungeon (4/16)
 Temple: D:4-7

Altars:
Sif Muna

Annotations:
D:4 Edmund


Innate Abilities, Weirdness & Mutations

You can fly.
((You have a beak for a mouth.))*
((You have claws for feet.))*


Message History

You barely miss Edmund.
Edmund is heavily wounded.
Edmund hits you with a flail of pain.
* * * LOW HITPOINT WARNING * * *
You hit Edmund but do no damage.
Edmund is heavily wounded.
You barely miss Edmund.
Edmund is heavily wounded.
Edmund hits you but does no damage.
You hit Edmund but do no damage.
Edmund is heavily wounded.
Edmund hits you but does no damage.
You barely miss Edmund.
Edmund is heavily wounded.
Edmund says, "Maybe I'll buy a title.
How does Count Edmund sound?"
Edmund hits you but does no damage.
You closely miss Edmund.
Edmund is heavily wounded.
Edmund hits you with a flail of pain.
You die...

.................#
#...###..<######.#
#...###.##.....#
.....#.##.###.#
#.#.#.##.#
#.....##.###
#............
#.###.#..#####.###
#..........@♣..#
#######.########
... ###. .. .. ...
... .


You could see Edmund.

Vanquished Creatures
  5 adders
  A worm (D:4)
  2 oozes
  7 orcs (D:3)
  2 ball pythons
  5 giant cockroaches
  7 goblins
  4 hobgoblins
  12 kobolds
  13 bats
  A giant gecko (D:1)
  9 rats
68 creatures vanquished.

Notes
Turn   | Place    | Note
--------------------------------------------------------------
     0 | D:1      | Kae, the Tengu Fire Elementalist, began the quest for the Orb.
     0 | D:1      | Reached XP level 1. HP: 10/10 MP: 3/3
   403 | D:1      | Reached XP level 2. HP: 13/15 MP: 0/5
  1030 | D:2      | Reached skill level 4 in Fire Magic
  1035 | D:2      | Reached XP level 3. HP: 11/19 MP: 7/7
  1574 | D:2      | Reached XP level 4. HP: 17/24 MP: 2/9
  3037 | D:3      | Found a deep blue altar of Sif Muna.
  3095 | D:3      | Reached XP level 5. HP: 24/28 MP: 8/11
  3380 | D:4      | Learned a level 2 spell: Throw Flame
  3384 | D:4      | Learned a level 3 spell: Conjure Flame
  3394 | D:4      | Noticed Edmund
  3421 | D:4      | Slain by Edmund

Action                   |  1- 3 |  4- 6 || total
-------------------------+-------+-------++-------
Melee: Unarmed           |    25 |       ||    25
       Dagger            |    17 |    54 ||    71
 Cast: Flame Tongue      |    39 |    59 ||    98
  Use: Scroll            |       |    11 ||    11
       Potion            |       |     1 ||     1
 Stab: Sleeping          |     2 |     3 ||     5
